AoeStats
← juonma

Arabia

508349465Analyzed
1v1 RM · 10d ago on Sep 22, 2026· 48m 34s· 2 players
Game mode
Random Map
Map size
Tiny (2 player)
Population
200
Speed
Normal
Resources
Standard
Victory
Conquest
Starting age
Dark Age
Ending age
Imperial Age
RankedLock teamsTeams togetherTeam positionsShared explorationLock speedFull tech treeHidden civsTurbo modeCheats
Victory
Defeat
🇺🇸 Britons · United States
576
+16
🇺🇸 Goths · United States
584
-16
TappTapp
13:04 Feudal Age
18:36 Castle Age
17:24 Fletching
17:47 Double-Bit Axe
18:40 Gold Mining
18:49 Crossbowman
19:31 Crossbowman
22:04 Horse Collar
28:35 Gold Shaft Mining
27:50 Stone Mining
28:14 Bow Saw
32:26 Bodkin Arrow
32:32 Padded Archer Armor
37:00 Leather Archer Armor
41:56 Imperial Age
41:25 Wheelbarrow
42:47 Fortified Wall
43:39 Chemistry
42:47 Bracer
43:12 Yeomen
44:24 Hand Cart
47:26 Two-Man Saw
46:30 Heavy Plow
47:11 Ring Archer Armor
46:32 Elite Longbowman
juonma
6:47 Loom
9:47 Feudal Age
10:23 Double-Bit Axe
14:22 Gold Mining
15:13 Horse Collar
18:05 Man-at-Arms
19:48 Scale Mail Armor
26:20 Castle Age
Connection lost

Rejoining the realm…

Still unreachable

The connection could not be restored.

Session expired

The server has moved on; the page needs a fresh start.